 Dungeon Crawl Stone Soup version 0.20-a0-1117-g62da73f (webtiles) character file.

43582 FastMan the Severer (level 13, -1/126 HPs)
             Began as a Minotaur Berserker on May 9, 2017.
             Was a High Priest of Trog.
             Slain by a wolf spider (9 damage)
             ... on level 3 of the Lair of Beasts.
             The game lasted 00:12:15 (11709 turns).

FastMan the Severer (Minotaur Berserker)           Turns: 11709, Time: 00:12:16

Health: -1/126     AC: 23    Str: 28    XL:     13   Next: 91%
Magic:  12/12      EV:  9    Int:  6    God:    Trog [*****.]
Gold:   734        SH:  0    Dex:  9    Spells: 12/12 levels left

rFire    + . .     SeeInvis +   a - +5 broad axe (vamp)
rCold    . . .     Gourm    .   e - +0 shield
rNeg     . . .     Faith    .   n - +6 chain mail of Conscience {+Fly rF+ MR+}
rPois    .         Spirit   .   A - +3 crown of Dyrovepreva {rElec Int+2 SInv}
rElec    +         Reflect  .   (no cloak)
rCorr    +         Harm     +   q - +0 pair of gloves
MR       +....                  y - +0 pair of boots
Stlth    ..........             b - amulet of harm
Regen    0.4/turn               r - ring of resist corrosion
MPRegen  0.2/turn               (no ring)

@: confused, slowed, studying Fighting, very slow
A: retaliatory headbutt, horns 2
a: Berserk, Trog's Hand, Brothers in Arms, Burn Spellbooks, Renounce Religion,
Evoke Flight


You were on level 3 of the Lair of Beasts.
You worshipped Trog.
Trog was extremely pleased with you.
You were near starving.

You visited 4 branches of the dungeon, and saw 18 of its levels.

You collected 734 gold pieces.

Inventory:

Hand Weapons
 a - a +5 vampiric broad axe (weapon)
Armour
 e - a +0 shield (worn)
 n - the +6 chain mail of Conscience (worn) {+Fly rF+ MR+}
   (You found it on level 9 of the Dungeon)

   It protects you from fire.
   It affects your resistance to hostile enchantments.
   It lets you fly.
 q - a +0 pair of gloves (worn)
 y - a +0 pair of boots (worn)
 A - the +3 crown of Dyrovepreva (worn) {rElec Int+2 SInv}
   (You found it on level 1 of the Lair of Beasts)

   It affects your intelligence (+2).
   It insulates you from electricity.
   It lets you see invisible.
Jewellery
 b - an amulet of harm (around neck)
 f - an uncursed ring of fire
 j - an uncursed amulet of guardian spirit
 r - a ring of resist corrosion (left hand)
 J - a +4 ring of protection {unknown}
Scrolls
 c - a scroll of brand weapon
 i - 5 scrolls of remove curse {@r2}
 p - a scroll of magic mapping
 t - a scroll of fog {unknown}
 u - a scroll of teleportation {@r3}
 D - a scroll of holy word
 E - a scroll of blinking {unknown}
 G - a scroll of recharging {unknown}
Potions
 d - a potion of might {@q4}
 h - a potion of agility {@q5}
 k - 3 potions of flight
 m - 2 potions of berserk rage
 s - 3 potions of degeneration {unknown}
 v - a potion of lignification {unknown}
 w - 2 potions of curing {@q1}
 z - a potion of mutation {unknown}
 B - a potion of haste {unknown}
 C - a potion of ambrosia
Books
 g - a book of Battle

   Spells                             Type                      Level
   a - Infusion                       Charms                       1
   b - Shroud of Golubria             Charms/Translocation         2
   c - Song of Slaying                Charms                       2
   d - Spectral Weapon                Hexes/Charms                 3
   e - Regeneration                   Charms/Necromancy            3
   Trog disapproves of the use of such an item.
 x - a book of Burglary

   Spells                             Type                      Level
   a - Swiftness                      Charms/Air                   2
   b - Passwall                       Transmutation/Earth          2
   c - Passage of Golubria            Translocation                4
   d - Lee's Rapid Deconstruction     Earth                        5
   e - Darkness                       Hexes                        6
   f - Invisibility                   Hexes                        6
   Trog disapproves of the use of such an item.
 I - a book of Debilitation

   Spells                             Type                      Level
   a - Corona                         Hexes                        1
   b - Slow                           Hexes                        2
   c - Inner Flame                    Hexes/Fire                   3
   d - Portal Projectile              Hexes/Translocation          3
   e - Cause Fear                     Hexes                        4
   f - Leda's Liquefaction            Hexes/Earth                  4
   Trog disapproves of the use of such an item.
 K - a manual of Fighting
Comestibles
 l - 3 royal jellies {@e3}
 o - a bread ration {@e1}
 F - 13 fruits {@e4}
 H - 4 meat rations {@e2}


   Skills:
 + Level 15.0 Fighting
 * Level 19.2 Axes
 + Level 8.9 Armour
 - Level 2.1 Dodging
 + Level 11.6 Shields


You had 12 spell levels left.
You didn't know any spells.

Dungeon Overview and Level Annotations

Branches:
Dungeon (10/15)              Lair (6/6) D:10          Swamp (1/4) Lair:2
 Spider (1/4) Lair:3        Slime (0/5) Lair:5
 Temple: D:4-7          Orc: D:9-12

Altars:
Dithmenos
Elyvilon
Kikubaaqudgha
Nemelex Xobeh
Okawaru
Sif Muna
Vehumet

Shops:
D:6 !?([

Annotations:
Spider:1 Nikola


Innate Abilities, Weirdness & Mutations

You reflexively headbutt those who attack you in melee.
You have a pair of horns on your head.


Message History

Unknown command.
You disentangle yourself.
You feel sick. The tarantella bites you!
* * * LOW HITPOINT WARNING * * *
The wolf spider hits you.
* * * LOW HITPOINT WARNING * * *
The wolf spider bites you.
* * * LOW HITPOINT WARNING * * *
You are more poisoned.
The wolf spider poisons you!
The tarantella bites you but does no damage.
The wolf spider hits you but does no damage.
The wolf spider barely misses you.
Okay, then.
Okay, then.
Okay, then.
You feel better. The tarantella bites you.
* * * LOW HITPOINT WARNING * * *
You are confused.
The wolf spider barely misses you. The wolf spider bites you!
You die...

...........................##
........................#.##
.....................######
......................#
................#....####
...............##.......##
..............##...##....#
............###...##.....#
............#..^@.#.....##
...........##^.ss####...#
.###.#....##.^^..#.#.#..#
#..#.#.#..#...^^##.....##
..........#.>..##..#....# #######
..........#...##...#...####P....#
....##....#.###..................
...###....###....................
...####....#......##.............


You could see a wolf spider and a tarantella.

Vanquished Creatures
  An entropy weaver (Lair:3)
  Fannar (Lair:2)
  4 hydras
  A two-headed ogre (D:9)
  3 death yaks (Lair:6)
  A swamp dragon (Swamp:1)
  An ugly thing (D:9)
  A wolf spider (Spider:1)
  3 black mambas
  Joseph (D:9)
  13 spiny frogs
  A torpor snail (Lair:1)
  7 komodo dragons
  A rime drake (Lair:6)
  A troll (D:9)
  2 jumping spiders
  10 polar bears
  The ghost of Morsion the Skirmisher, an amateur HuFi (D:5)
  6 dream sheep (Lair:5)
  A raiju (Lair:6)
  5 hippogriffs
  A blink frog (Lair:3)
  2 wyverns
  2 tarantellas
  3 redbacks
  4 basilisks
  36 yaks
  A steam dragon (Lair:2)
  3 hungry ghosts
  7 vampire mosquitoes (Swamp:1)
  2 swamp worms (Swamp:1)
  4 wargs (Lair:6)
  4 insubstantial wisps (Swamp:1)
  5 water moccasins
  10 porcupines
  18 hell hounds
  2 swamp drakes (Swamp:1)
  3 orc warriors
  An eye of draining (D:8)
  4 sky beasts
  13 black bears
  A necrophage (D:9)
  2 ogres
  28 wolves
  A phantom (D:8)
  2 centaurs
  12 crocodiles
  A big kobold (D:9)
  9 bullfrogs
  A gnoll sergeant (D:8)
  A scorpion (D:9)
  An electric eel (Lair:3)
  2 howler monkeys
  3 wights (D:7)
  3 crimson imps
  A centaur zombie (D:7)
  2 quasits (D:8)
  2 jellies (Lair:5)
  3 orc priests
  A centaur skeleton (D:7)
  3 hounds
  A bullfrog skeleton (D:6)
  10 orc wizards
  6 worker ants
  A hound zombie (D:8)
  A hound skeleton (D:7)
  11 gnolls
  12 adders
  A shadow imp (D:9)
  An adder skeleton (D:8)
  An adder zombie (D:7)
  A worm (D:4)
  2 leopard geckos (D:5)
  20 orcs
  2 bats (D:3)
  4 giant cockroaches
  2 goblins
  A hobgoblin (D:3)
  4 jackals
  8 kobolds
  3 quokkas
  4 frilled lizards
  A quokka skeleton (D:5)
  A rat (D:2)
  A butterfly (Lair:6)
  4 fungi
  A plant (Lair:3)
373 creatures vanquished.

Vanquished Creatures (collateral kills)
  Nessos (Lair:5)
  An alligator (Swamp:1)
  A hydra (Lair:3)
  3 wolf spiders (Lair:3)
  A komodo dragon (Lair:3)
  A slime creature (Lair:5)
  2 insubstantial wisps (Swamp:1)
  A jelly (Lair:5)
11 creatures vanquished.

Vanquished Creatures (others)
  An adder (D:4)
  2 fungi (Lair:5)
  7 plants
10 creatures vanquished.

Grand Total: 394 creatures vanquished

Notes
Turn   | Place    | Note
-------+----------+-------------------------------------------
     0 | D:1      | FastMan the Minotaur Berserker began the quest for the Orb.
     0 | D:1      | Reached XP level 1. HP: 19/19 MP: 0/0
   185 | D:2      | Found an iron altar of Okawaru.
   207 | D:2      | Reached skill level 4 in Axes
   243 | D:3      | Reached XP level 2. HP: 19/27 MP: 1/1
   376 | D:3      | Reached XP level 3. HP: 33/33 MP: 2/2
   376 | D:3      | Reached skill level 5 in Axes
   405 | D:3      | Reached ** piety under Trog
   408 | D:3      | Reached XP level 4. HP: 36/41 MP: 3/3
  1261 | D:5      | Entered Level 5 of the Dungeon
  1263 | D:5      | Noticed Morsion's ghost (amateur HuFi)
  1266 | D:5      | Reached skill level 6 in Axes
  1269 | D:5      | Reached XP level 5. HP: 47/47 MP: 4/4
  1278 | D:5      | Killed Morsion's ghost
  1278 | D:5      | Reached skill level 5 in Fighting
  1278 | D:5      | Reached skill level 7 in Axes
  1278 | D:5      | Reached XP level 6. HP: 57/57 MP: 5/5
  1486 | D:5      | Noticed a sky beast
  1505 | D:5      | Killed a sky beast
  1505 | D:5      | Reached skill level 8 in Axes
  1516 | D:6      | Reached XP level 7. HP: 43/63 MP: 6/6
  1521 | D:6      | Found Togaempa's Antique Armour Boutique.
  1524 | D:6      | Found Zoafad's Magic Scroll Shoppe.
  1648 | D:6      | Found Yshreoxu's Weapon Boutique.
  1697 | D:6      | Found Unwib's Distillery.
  1706 | D:6      | Found a sparkling altar of Nemelex Xobeh.
  1768 | D:6      | Reached skill level 9 in Axes
  1878 | D:6      | Found a white marble altar of Elyvilon.
  1995 | D:7      | Noticed a hungry ghost
  2018 | D:7      | Killed a hungry ghost
  2018 | D:7      | Reached skill level 10 in Axes
  2018 | D:7      | Reached XP level 8. HP: 57/73 MP: 7/7
  2027 | D:7      | Reached *** piety under Trog
  2210 | D:7      | Noticed a hippogriff
  2217 | D:7      | Killed a hippogriff
  2217 | D:7      | Reached skill level 11 in Axes
  2655 | D:7      | Found a deep blue altar of Sif Muna.
  2673 | D:7      | Found an ancient bone altar of Kikubaaqudgha.
  2683 | D:7      | Found a radiant altar of Vehumet.
  2699 | D:7      | Reached XP level 9. HP: 63/82 MP: 8/8
  3017 | D:7      | Reached skill level 12 in Axes
  3194 | D:8      | Reached **** piety under Trog
  3543 | D:8      | Reached skill level 13 in Axes
  3556 | D:8      | Reached skill level 1 in Shields
  3876 | D:9      | Found a shadowy altar of Dithmenos.
  3911 | D:9      | Noticed a troll
  3917 | D:9      | Killed a troll
  3917 | D:9      | Reached skill level 10 in Fighting
  4039 | D:9      | Reached XP level 10. HP: 91/93 MP: 9/9
  4077 | D:9      | Noticed a white ugly thing
  4088 | D:9      | Killed a white ugly thing
  4088 | D:9      | Reached skill level 14 in Axes
  4156 | D:9      | Noticed a two-headed ogre
  4180 | D:9      | Killed a two-headed ogre
  4212 | D:9      | Got a fine chain mail
  4213 | D:9      | Identified the +6 chain mail of Conscience {+Fly rF+ MR+} (You found it on level 9 of the Dungeon)
  4237 | D:9      | Noticed Joseph
  4251 | D:9      | Killed Joseph
  4251 | D:9      | Reached skill level 5 in Shields
  4422 | D:10     | Entered Level 10 of the Dungeon
  4428 | D:10     | Found a staircase to the Lair.
  4455 | Lair:1   | Entered Level 1 of the Lair of Beasts
  4455 | Lair:1   | Noticed a spiny frog
  4463 | Lair:1   | Killed a spiny frog
  4499 | Lair:1   | Noticed a spiny frog
  4506 | Lair:1   | Killed a spiny frog
  4808 | Lair:1   | Reached skill level 15 in Axes
  4878 | Lair:1   | Noticed a torpor snail
  4884 | Lair:1   | Killed a torpor snail
  5132 | Lair:1   | Reached XP level 11. HP: 102/102 MP: 10/10
  5772 | Lair:2   | Noticed Fannar
  5783 | Lair:2   | Killed Fannar
  5830 | Lair:2   | Noticed a six-headed hydra
  5833 | Lair:2   | Found a staircase to the Swamp.
  5842 | Lair:2   | Killed an 11-headed hydra
  5842 | Lair:2   | Reached skill level 16 in Axes
  6395 | Lair:3   | Reached ***** piety under Trog
  6491 | Lair:3   | Noticed a four-headed hydra
  6503 | Lair:3   | Killed a ten-headed hydra
  6762 | Lair:3   | Noticed an eight-headed hydra
  6775 | Lair:3   | Noticed a wolf spider
  6776 | Lair:3   | Noticed a wolf spider
  6776 | Lair:3   | Noticed a wolf spider
  6783 | Lair:3   | Killed a wolf spider
  6784 | Lair:3   | Killed a wolf spider
  6785 | Lair:3   | Killed an eight-headed hydra
  6789 | Lair:3   | Killed a wolf spider
  6811 | Lair:3   | Reached XP level 12. HP: 55/113 MP: 8/11
  6900 | Lair:3   | Reached skill level 17 in Axes
  7264 | Lair:3   | Got a faintly glowing chain mail
  7279 | Lair:3   | Identified the cursed +0 chain mail "Jaful" {*Slow rPois Regen+ Dex+4} (You found it on level 3 of the Lair of Beasts)
  7663 | Lair:4   | You fall through a shaft!
  7719 | Lair:5   | Noticed Nessos
  7743 | Lair:5   | Killed Nessos
  8132 | Lair:5   | Found a staircase to the Slime Pits.
  8226 | Lair:4   | Reached skill level 5 in Armour
  8280 | Lair:4   | Reached skill level 10 in Shields
  8330 | Lair:4   | Identified a scroll of acquirement
  8395 | Lair:4   | Noticed a five-headed hydra
  8413 | Lair:4   | Killed a 15-headed hydra
  9189 | Lair:5   | Reached skill level 18 in Axes
  9887 | Lair:6   | Entered Level 6 of the Lair of Beasts
  9950 | Lair:6   | Noticed a death yak
  9951 | Lair:6   | Noticed a death yak
  9953 | Lair:6   | Noticed a death yak
  9960 | Lair:6   | Killed a death yak
  9960 | Lair:6   | Reached XP level 13. HP: 123/123 MP: 12/12
 10329 | Lair:6   | Received a gift from Trog
 10700 | Lair:3   | Found a hole to the Spider Nest.
 10857 | Swamp:1  | Entered Level 1 of the Swamp
 10867 | Swamp:1  | Reached skill level 19 in Axes
 11609 | Spider:1 | Entered Level 1 of the Spider Nest
 11610 | Spider:1 | Noticed an entropy weaver
 11619 | Spider:1 | Noticed Nikola
 11633 | Lair:3   | Killed an entropy weaver
 11633 | Lair:3   | Reached skill level 15 in Fighting
 11708 | Lair:3   | HP: 1/126 [wolf spider (6)]
 11709 | Lair:3   | Slain by a wolf spider

Vault maps used:
D:1:      dpeg_arrival_three_bigger_balls, minmay_misc_feat_doors
D:2:      kb_forest_paths, nicolae_overflow_crystal_walls, tgw_trog
D:3:      first_bread
D:4:      amethyst_killhole, lemuel_old_faithful, uniq_ijyb, uniq_edmund
D:5:      lemuel_doored_altar, nicolae_overflow_hidden_temple,
          minmay_temple_entry_enclosed_plants, minmay_ogre_servants
D:6:      old_standard_altar, nemelex_xobeh_ov_fountains_minmay, serial_shops,
          nicolae_shop_behind_doors, shop_fountains, nicolae_shop_crystal,
          nicolae_shop_statue_plus, shop_fountains, lemuel_flame_loot_1
D:7:      palyth_temple_overflow_mages
D:8:      lemuel_ice_spiral_2
D:9:      lemuel_round_altar, uniq_joseph
D:10:     minmay_lair_entry_lava, orc_0_dummy, hangedman_little_slice_of_home,
          kennysheep_small_spiral, minmay_crystal_room
Lair:1:   patterned_corridor, serial_bayou_shore_b, grunt_megastairs_5
Lair:2:   minmay_swamp_entry_reptiles, lemuel_fruit_tree, uniq_fannar
Lair:3:   spider_nest_entry_funnel_web, serial_bayou_ford_a,
          beast_lair_carwin_1, serial_bayou_shore_b
Lair:4:   infiniplex_staircase_pool_2, serial_bayou_shore_b
Lair:5:   minmay_slime_entry_pillars, grunt_megastairs_1, uniq_nessos
Lair:6:   hangedman_lair_caniforms_friends, grunt_megastairs_2,
          lemuel_fruit_fields
Swamp:1:  evilmike_swamp_ruin_wall
Spider:1: uniq_nikola

Skill      XL: |  1  2  3  4  5  6  7  8  9 10 11 12 13 |
---------------+----------------------------------------+-----
Axes           | 4 5 6 7 8 10 11 13 15 16 18 19 | 19.2
Fighting       | 4 5 6 7 8 10 11 12 13 15 | 15.0
Shields        | 3 6 8 10 11 | 11.6
Armour         | 6 8 |  8.9
Dodging        | |  2.1

Action                   |  1- 3 |  4- 6 |  7- 9 | 10-12 | 13-15 || total
-------------------------+-------+-------+-------+-------+-------++-------
Melee: Hand axe          |    39 |     7 |       |       |       ||    46
       Headbutt          |     4 |    11 |    42 |    83 |    47 ||   187
       War axe           |       |    68 |   259 |   312 |       ||   639
       Broad axe         |       |       |       |    73 |   231 ||   304
Invok: Berserk           |     1 |     2 |     7 |     8 |     3 ||    21
       Trog's Hand       |       |     1 |     1 |     2 |     3 ||     7
       Burn Spellbooks   |       |       |     1 |     3 |       ||     4
       Brothers in Arms  |       |       |       |     3 |     1 ||     4
 Abil: Evoke Flight      |       |       |       |     1 |       ||     1
  Use: Scroll            |       |     5 |     8 |    10 |     2 ||    25
       Potion            |       |       |       |     1 |     3 ||     4
 Stab: Sleeping          |     1 |       |       |       |       ||     1
  Eat: Chunk             |       |     2 |    22 |    16 |     2 ||    42
       Bread ration      |       |     1 |     1 |     3 |       ||     5
       Meat ration       |       |       |       |     1 |     1 ||     2
Armor: Chain mail        |    24 |    47 |   118 |   199 |   175 ||   563
       Plate armour      |       |       |    50 |    14 |       ||    64
       Skin              |       |       |     1 |       |       ||     1
Dodge: Dodged            |    21 |    34 |   116 |    99 |    99 ||   369
Block: Shield            |       |       |    29 |   198 |   172 ||   399
